 Dungeon Crawl Stone Soup version 0.30-a0-778-g2ef04afb54 (webtiles) character file.

Game seed: 11959841472609226093

144 Smoke131 the Chucker (level 5, -3/53 HPs)
             Began as an Ogre Gladiator on Feb 16, 2023.
             Slain by a hobgoblin (5 damage)
             ... led by Robin
             ... on level 3 of the Dungeon.
             The game lasted 00:05:20 (1750 turns).

Smoke131 the Chucker (Ogre Gladiator)               Turns: 1750, Time: 00:05:21

Health: -3/53      AC:  4    Str: 18    XL:     5   Next: 27%
Magic:  5/5        EV: 10    Int:  9    God:
Gold:   123        SH:  0    Dex: 12    Spells: 4/4 levels left

rFire   . . .      SeeInvis .    a - +0 war axe
rCold   . . .      Faith    .    (no shield)
rNeg    . . .      Spirit   .    b - +0 robe
rPois   .          Reflect  .    c - +1 hat
rElec   .          Harm     .    (no cloak)
rCorr   .          Rampage  .    (gloves unavailable)
Will    .....                    (boots unavailable)
Stlth   +                        (no amulet)
HPRegen 0.28/turn                (no ring)
MPRegen 0.09/turn                (no ring)

@: no status effects
A: large, unfitting armour, tough skin 1
a: no special abilities


You were on level 3 of the Dungeon.
You visited 1 branch of the dungeon, and saw 3 of its levels.

You collected 123 gold pieces.

Inventory:

Hand Weapons
 a - a +0 war axe (weapon)
Missiles
 e - a large rock (quivered)
 g - 19 stones
 n - 3 poisoned darts
Armour
 b - a +0 robe (worn)
 c - a +1 hat (worn)
Scrolls
 h - a scroll of teleportation
Potions
 f - 2 potions of mutation {unknown}
 i - 2 potions of might {unknown}
 k - 3 potions of curing
 l - a potion of invisibility {unknown}
 m - a potion of magic {unknown}
 q - a potion of attraction {unknown}


   Skills:
 - Level 3.0 Fighting
 - Level 3.0 Axes
 + Level 5.0 Throwing
 - Level 3.0 Dodging


You had 4 spell levels left.
You didn't know any spells.
Your spell library contained the following spells:

 Spells                   Type           Power      Damage    Failure   Level
 Shock                    Conj/Air       0%         1d3       38%         1
 Swiftness                Air            0%         N/A       77%         3
 Airstrike                Air            0%         2d(0-16)  99%         4


Dungeon Overview and Level Annotations

Branches:
Dungeon (3/15)

Altars:

Annotations:
D:3 Robin


Innate Abilities, Weirdness & Mutations

You are too large for most types of armour.
You have tough skin. (AC +1)


Message History

You slash the hobgoblin!
You kill the hobgoblin!
A hobgoblin comes into view.
A goblin comes into view. It is wielding a +0 dagger.
Robin attacks as you move away! Robin hits you but does no damage.
Things that are here:
a +2 dagger of holy wrath; a +0 club You barely miss Robin.
Robin hits you with a +0 dagger of distortion.
Space warps around you.
Robin hits you with a +0 dagger of distortion.
Space warps horribly around you!!
Throw: 2 throwing nets
Press: ? - help, Q - select action, (/) - cycle Shift-Dir - straight line, f - hobgoblin
Aim: a hobgoblin (strong, 60% to hit)
You throw a throwing net.
The throwing net barely misses the hobgoblin.
Throw: throwing net
Press: ? - help, Q - select action, (/) - cycle Shift-Dir - straight line, f - Robin, p - hobgoblin
Aim: Robin, wielding a +0 dagger of distortion, wearing a +0 animal skin and wearing a +0 helmet (68% to hit)
You throw a throwing net. The throwing net hits Robin.
Robin is caught in the net!
Robin struggles against the net.
A hobgoblin comes into view.
The hobgoblin hits you.
* * * LOW HITPOINT WARNING * * *
Robin throws the goblin at you!
Robin struggles against the net.
You miss the goblin. You barely miss the hobgoblin.
The goblin hits you with a +0 dagger.
* * * LOW HITPOINT WARNING * * *
The hobgoblin closely misses you.
You barely miss the goblin. You hit the hobgoblin.
Robin struggles against the net.
The hobgoblin hits you.
* * * LOW HITPOINT WARNING * * *
The goblin hits you with a +0 dagger.
* * * LOW HITPOINT WARNING * * *
Robin struggles against the net.
The goblin hits you with a +0 dagger.
* * * LOW HITPOINT WARNING * * *
The hobgoblin hits you.
You die...

#. #.# # #.# g#
.# #.# .# .# #.#
..# ##.# ##.#
###..#### .#.#
#..######Kg......
...# #.....g@gg#
...##
##...#######
....# #...##
..#.# ##...#
..#.####....#
.........#..#
.##)######..#
..#†<# #..#
..##.# #..#


You could see Robin (caught), a hobgoblin (strong), 2 goblins and a kobold.

Vanquished Creatures
  4 gnolls
  4 adders
  An adder zombie (D:2)
  A worm (D:2)
  A dart slug (D:1)
  5 ball pythons
  4 bats
  5 endoplasms
  A giant cockroach (D:1)
  8 goblins
  4 hobgoblins
  3 jackals (D:2)
  6 kobolds (D:1)
  5 quokkas (D:1)
  A ball python skeleton (D:2)
  A ball python zombie (D:2)
  4 frilled lizards
  A quokka skeleton (D:2)
  2 rats (D:2)
61 creatures vanquished.

Vanquished Creatures (others)
  A withered plant (D:2)
1 creature vanquished.

Grand Total: 62 creatures vanquished

Notes
Turn   | Place    | Note
-------+----------+-------------------------------------------
     0 | D:1      | Smoke131 the Ogre Gladiator began the quest for the Orb.
     0 | D:1      | Reached XP level 1. HP: 22/22 MP: 1/1
    87 | D:1      | Reached XP level 2. HP: 29/31 MP: 2/2
   163 | D:1      | Found a faded altar of an unknown god.
   250 | D:1      | Reached skill level 3 in Throwing
   250 | D:1      | Reached XP level 3. HP: 34/37 MP: 3/3
   786 | D:1      | Reached XP level 4. HP: 33/45 MP: 4/4
   837 | D:1      | Reached skill level 4 in Throwing
  1634 | D:3      | Reached XP level 5. HP: 53/53 MP: 5/5
  1735 | D:3      | Noticed Robin
  1742 | D:3      | Reached skill level 5 in Throwing
  1750 | D:3      | HP: 2/53 [goblin/+0 dagger[Robin] (5)]
  1750 | D:3      | Slain by a hobgoblin

Illustrated notes

Levels and vault maps discovered:
D:1:      scummos_arrival_gate, layout_basic, shapermc_ecumenical_altar_venn
D:2:      layout_basic, serial_undead, serial_undead_a, serial_undead_d,
          serial_undead_e, serial_undead_d, serial_undead_e, serial_undead_c,
          serial_undead_b, grunt_ministairs_2
D:3:      layout_rooms, minmay_box_of_dots, uniq_robin

Skill      XL: |  1  2  3  4  5 |
---------------+----------------+-----
Fighting       | 3 |  3.0
Dodging        | 3 |  3.0
Throwing       | 3 4 5 |  5.0
Axes           | |  3.0

Action                     |  1- 3 |  4- 6 || total
---------------------------+-------+-------++-------
  Melee: War axe           |    61 |    74 ||   135
  Throw: Stone             |     6 |       ||     6
         Large rock        |     2 |       ||     2
         Throwing net      |     1 |     2 ||     3
         Dart              |       |     3 ||     3
    Use: Scroll            |       |     4 ||     4
   Stab: Sleeping          |     1 |     1 ||     2
 Armour: Robe              |    28 |    31 ||    59
  Dodge: Dodged            |    48 |    62 ||   110

Table legend: (Time is in decaauts)
 A = Elapsed time spent in this place.
 B = Non-inter-level travel time spent in this place.
 C = Inter-level travel time spent in this place.
 D = Time resting spent in this place.
 E = Time spent auto-exploring this place.
 F = Levels seen in this place.
 G = Mean time per level.
                   A        B        C        D        E       F      G
               +--------+--------+--------+--------+--------+-----+--------+
         Total |   1802 |   1746 |     56 |    221 |   1014 |   3 |  600.7 |
       Dungeon |   1802 |   1746 |     56 |    221 |   1014 |   3 |  600.7 |
               +--------+--------+--------+--------+--------+-----+--------+

Top non-repeatable levels by time:
     D:2: 895 daAuts
     D:1: 822 daAuts
     D:3: 84 daAuts
